 Dungeon Crawl Stone Soup version 0.32-a0-913-g739538afd8 (webtiles) character file.

Game seed: 14014136392066804624

67 horus123 the Conjurer (level 3, -3/19 HPs)
             Began as a Deep Elf Conjurer on Apr 8, 2024.
             Slain by a gnoll
             ... wielding a +0 halberd
              (14 damage)
             ... on level 3 of the Dungeon.
             The game lasted 00:03:26 (2432 turns).

horus123 the Conjurer (Deep Elf Conjurer)           Turns: 2432, Time: 00:03:26

Health: -3/19      AC:  3    Str:  4    XL:     3   Next: 98%
Magic:  5/11       EV:  5    Int: 24    God:
Gold:   54         SH:  0    Dex: 13    Spells: 9/12 levels left

rFire   . . .        g - +0 long sword
rCold   . . .        (no shield)
rNeg    . . .        a - +0 robe
rPois   .            (no helmet)
rElec   .            (no cloak)
rCorr   .            (no gloves)
SInv    .            f - +0 pair of boots
Will    .....        (no amulet)
Stlth   ++           (no ring)
HPRegen 0.23/turn    (no ring)
MPRegen 0.12/turn

%: no passive effects
@: held
A: no striking features
a: no special abilities


You were on level 3 of the Dungeon.
You visited 1 branch of the dungeon, and saw 3 of its levels.

You collected 54 gold pieces.

Inventory:

Hand Weapons
 g - a +0 long sword (weapon)
Armour
 a - a +0 robe (worn)
 f - a +0 pair of boots (worn)
Magical Staves
 h - a staff of death
Wands
 l - a wand of acid (9)
Scrolls
 d - a scroll of vulnerability {unknown}
 e - 2 scrolls of identify {unknown}
 j - a scroll of enchant weapon {unknown}
Potions
 b - a potion of magic
 c - a potion of enlightenment {unknown}
 i - a potion of lignification {unknown}
 k - a potion of brilliance {unknown}
 m - a potion of berserk rage {unknown}


   Skills:
 - Level 2.4 Dodging
 - Level 2.4 Stealth
 - Level 5.0 Spellcasting
 + Level 5.1 Conjurations


You had 9 spell levels left.
You knew the following spells:

 Your Spells              Type           Power      Damage    Failure   Level
a - Magic Dart            Conj           100%       1d8       1%          1
b - Searing Ray           Conj           60%        2d6       1%          2

Your spell library contained the following spells:

 Spells                   Type           Power      Damage    Failure   Level
 Fulminant Prism          Conj/Alch      9%         3d7       30%         4
 Iskenderun's Mystic Bla Conj/Tloc 18%            2d6        (+2d2     30%         4


Dungeon Overview and Level Annotations

Branches:
Dungeon (3/15)

Altars:


Message History

There is an open door here.
Things that are here:
a ball python corpse; a hobgoblin corpse You now have 54 gold pieces (gained 10).
You open the door. You open the door.
Found 4 stones.
A gnoll comes into view. It is wielding a +0 flail.
There is an open door here.
The magic dart hits the gnoll!
The gnoll is heavily wounded.
The gnoll shouts!
You hear a shout!
The magic dart hits the gnoll.
You kill the gnoll!
Your Conjurations skill increases to level 5!
A gnoll comes into view. It is wielding a +0 halberd.
A gnoll comes into view.
It is wielding a +0 whip and quivering a throwing net.
The gnoll shouts!
The gnoll throws a throwing net.
The throwing net hits you.
You become entangled in the net!
Casting: Magic Dart (safe; 1% risk of failure)
Confirm with . or Enter, or press ? or * to list all spells.
Aiming: Searing Ray (safe; 1% risk of failure)
Press: ? - help, Shift-Dir - straight line, f - gnoll
Aim: a gnoll, wielding a +0 halberd (82% to hit)
The searing ray hits the gnoll.
The gnoll is moderately wounded. (Press . to maintain the ray.)
The searing ray hits the gnoll!
The gnoll is severely wounded.
The gnoll hits you from afar with a +0 halberd.
The searing ray misses the gnoll.
The gnoll hits you from afar with a +0 halberd!
The searing ray hits the gnoll.
The gnoll is almost dead.
You finish channelling your searing ray.
The gnoll hits you but does no damage.
The gnoll hits you from afar with a +0 halberd!
Ouch! That really hurt!
You die...

..# #.# #.# #.# ##+##
#.# ##...## #.#
##.....## . #.#
##.......## ...
##.####.........###.(...
).....†.........@.gg....
...####.........###.....
#.## ##.......## .). ###
##.....## . ##)..##
##'## #.# ##########.#
#.......÷..########


You could see 2 gnolls.

Vanquished Creatures
  A gnoll (D:3)
  6 dart slugs
  A ribbon worm (D:2)
  3 endoplasms
  2 giant cockroaches
  7 hobgoblins
  A kobold (D:1)
  A quokka (D:3)
  5 ball pythons
  5 bats
  4 frilled lizards
  7 rats
43 creatures vanquished.

Notes
Turn   | Place    | Note
-------+----------+-------------------------------------------
     0 | D:1      | horus123 the Deep Elf Conjurer began the quest for the Orb.
     0 | D:1      | Reached XP level 1. HP: 10/10 MP: 6/6
   178 | D:1      | Reached XP level 2. HP: 15/15 MP: 2/9
   337 | D:1      | Learned a level 2 spell: Searing Ray
   838 | D:1      | Reached XP level 3. HP: 19/19 MP: 7/11
  1369 | D:2      | Reached skill level 5 in Spellcasting
  2422 | D:3      | Reached skill level 5 in Conjurations
  2432 | D:3      | Slain by a gnoll

Illustrated notes

Levels and vault maps discovered:
D:1:      nzn_arrival_depleted_hourglass, layout_basic
D:2:      layout_basic, kennysheep_decorative_pillar, minmay_misc_feat_chi
D:3:      layout_loops_corners, ebering_ghost_reflecting_pool

Skill      XL: |  1  2  3 |
---------------+----------+-----
Spellcasting   | 4 5 |  5.0
Conjurations   | 5 |  5.1
Dodging        | |  2.4
Stealth        | |  2.4

Action                     || total
---------------------------++-------
   Cast: Magic Dart        ||    84
         Searing Ray       ||     2
 Armour: Robe              ||    11
  Dodge: Dodged            ||     8

Table legend: (Time is in decaauts)
 A = Elapsed time spent in this place.
 B = Non-inter-level travel time spent in this place.
 C = Inter-level travel time spent in this place.
 D = Time resting spent in this place.
 E = Time spent auto-exploring this place.
 F = Levels seen in this place.
 G = Mean time per level.
                   A        B        C        D        E       F      G
               +--------+--------+--------+--------+--------+-----+--------+
         Total |   2430 |   2126 |    304 |     46 |   1857 |   3 |  810.0 |
       Dungeon |   2430 |   2126 |    304 |     46 |   1857 |   3 |  810.0 |
               +--------+--------+--------+--------+--------+-----+--------+

Top non-repeatable levels by time:
     D:1: 1343 daAuts
     D:2: 728 daAuts
     D:3: 358 daAuts
